 Dungeon Crawl Stone Soup version 0.32-a0-960-g3814254bd7 (webtiles) character file.

Game seed: 15312762211985461157

1324 Fodor the Cleaver (level 8, -3/70 HPs)
             Began as a Minotaur Fighter on Apr 17, 2024.
             Killed by divine providence
             ... invoked by an orc priest
              (11 damage)
             ... on level 5 of the Dungeon.
             The game lasted 00:13:55 (4002 turns).

Fodor the Cleaver (Minotaur Fighter)                Turns: 4002, Time: 00:13:55

Health: -3/70      AC: 10    Str: 23    XL:     8   Next: 33%
Magic:  7/7        EV:  7    Int:  5    God:
Gold:   477        SH:  4    Dex: 10    Spells: 7/7 levels left

rFire   + . .        w - +0 war axe
rCold   . . .        c - +0 buckler
rNeg    . . .        r - +0 chain mail
rPois   .            (helmet restricted)
rElec   .            (no cloak)
rCorr   .            (no gloves)
SInv    .            (no boots)
Will    .....        (no amulet) Stlth
                     B - ring of protection from fire
HPRegen 0.31/turn    (no ring)
MPRegen 0.10/turn

%: no passive effects
@: no status effects
A: horns 2, retaliatory headbutt
a: Convert to Beogh


You were on level 5 of the Dungeon.
You visited 1 branch of the dungeon, and saw 5 of its levels.
You also visited: Ossuary.

You collected 477 gold pieces.

Inventory:

Hand Weapons
 p - a +2 sling of freezing
 t - the +5 whip of Fimbulwinter {heavy, rElec rF++ Int-4}
   (You found it on level 2 of the Dungeon)

   Int-4:     It affects your intelligence (-4).
   rF++:      It greatly protects you from fire.
   rElec:     It insulates you from electricity.
 w - a +0 war axe (weapon)
Missiles
 i - a boomerang (quivered)
Armour
 c - a +0 buckler (worn)
 r - a +0 chain mail (worn)
 y - a +0 plate armour
Jewellery
 B - a ring of protection from fire (left hand)
Talismans
 a - a serpent talisman
Wands
 l - a wand of flame (20)
 A - a wand of acid (9)
Scrolls
 b - a scroll of poison {unknown}
 e - 5 scrolls of identify {unknown}
 g - a scroll of fog {unknown}
 h - 2 scrolls of blinking {unknown}
 k - a scroll of revelation {unknown}
 n - a scroll of teleportation {unknown}
 o - 3 scrolls of immolation {unknown}
 q - a scroll of fear {unknown}
 s - a scroll of enchant armour {unknown}
 u - a scroll of noise {unknown}
 x - 3 scrolls of silence {unknown}
Potions
 d - a potion of might
 f - 4 potions of attraction {unknown}
 j - 2 potions of curing {unknown}
 m - 2 potions of resistance {unknown}
 v - 2 potions of heal wounds {unknown}
 z - a potion of invisibility {unknown}


   Skills:
 + Level 5.7 Fighting
 + Level 8.3 Axes
 + Level 1.7 Ranged Weapons
 + Level 2.9 Throwing
 + Level 6.3 Armour
 + Level 1.6 Dodging
 + Level 0.7 Stealth
 + Level 4.8 Shields


You had 7 spell levels left.
You didn't know any spells.
Your spell library contained the following spells:

 Spells                   Type           Power      Damage    Failure   Level
 Summon Small Mammal      Summ           0%         N/A       98%         1
 Lesser Beckoning         Tloc           0%         N/A       99%         2
 Call Canine Familiar     Summ           0%         N/A       100%        3
 Maxwell's Portable Pile  Tloc           0%         2d(5-13)  100%        3
 Teleport Other           Tloc           0%         N/A       100%        3
 Summon Blazeheart Golem  Fire/Summ      0%         N/A       100%        4


Dungeon Overview and Level Annotations

Branches:
Dungeon (5/15)            Ossuary (visited)
 Temple: D:4-7

Altars:
Dithmenos

Shops:
D:4 !


Innate Abilities, Weirdness & Mutations

You have a pair of horns on your head.
You reflexively headbutt those who attack you in melee.


Message History

You hit the orc.
You kill the orc!
You hit the hound. The hound bites you.
The black bear goes berserk!
The hound bites you.
You slash the black bear!
You kill the black bear!
You slash the hound!
You kill the hound!
You see here a hound corpse.
An orc comes into view. It is wielding a +0 whip.
The orc shouts!
The orc throws a boomerang.
The boomerang hits you but does no damage.
There is a stone staircase leading up here.
You see here a +0 club.
An orc comes into view. It is wielding a +0 flail.
Found 9 gold pieces.
The orc shouts!
You hear an angry hiss.
An orc priest comes into view. It is wielding a +0 whip.
The orc priest shouts!
The orc priest mumbles some strange prayers to Beogh against you.
Beogh smites you!
You hear a shout!
You slash the orc!
You kill the orc!
A white imp comes into view.
The orc priest calls down the wrath of Beogh upon you.
Beogh smites you!
Things that are here:
a +0 whip; 3 boomerangs; a +0 scale mail The orc priest mumbles some strange prayers to Beogh against you.
Beogh smites you!
* * * LOW HITPOINT WARNING * * *
The orc barely misses you. You furiously retaliate!
You headbutt the orc. The white imp gestures at you.
The puff of frost hits you.
* * * LOW HITPOINT WARNING * * *
The orc priest calls down the wrath of Beogh upon you.
Beogh smites you!
You die...

#.######
#....#.#
#....#.###
..##....<†..#
...........##
..###...####
#.....#
##..)..##
..##..@o...###
#.5...........#
#....o..........
##......#....$..
#...#..###......
...#... #.....
..###.. ..... ..
#.. .##.. .. ..


You could see an orc priest, a white imp and an orc.

Vanquished Creatures
  Menkaure (D:4)
  A black bear (D:5)
  The ghost of rbyellow5 the Ducker, an amateur OpFi (D:3)
  2 elf zombies
  2 weeping skulls (Ossuary)
  2 elf skeletons (D:4)
  A hound (D:5)
  3 human zombies
  2 orc priests (D:3)
  4 iguanas (D:4)
  Natasha (twice) (D:3)
  A gnoll bouda (D:4)
  A human skeleton (D:4)
  2 mummies (Ossuary)
  2 howler monkey zombies (Ossuary)
  4 gnolls (D:4)
  8 adders
  5 dart slugs
  A ribbon worm (D:4)
  10 orcs
  3 bats
  11 endoplasms
  2 giant cockroaches
  11 goblins
  7 hobgoblins
  4 jackals (D:3)
  A quokka (D:2)
  5 ball pythons
  4 frilled lizards
  7 kobolds
  An orc skeleton (D:4)
  8 rats
119 creatures vanquished.

Notes
Turn   | Place    | Note
-------+----------+-------------------------------------------
     0 | D:1      | Fodor the Minotaur Fighter began the quest for the Orb.
     0 | D:1      | Reached XP level 1. HP: 19/19 MP: 0/0
   352 | D:1      | Reached XP level 2. HP: 27/27 MP: 1/1
   970 | D:2      | Reached XP level 3. HP: 33/33 MP: 2/2
  1043 | D:2      | Reached skill level 1 in Throwing
  1568 | D:2      | Reached XP level 4. HP: 40/40 MP: 3/3
  1645 | D:2      | Reached skill level 3 in Axes
  1654 | D:2      | Identified the +5 whip of Fimbulwinter {heavy, rElec rF++
                  | Int-4}
  1724 | D:3      | Noticed Natasha
  1733 | D:3      | Killed Natasha
  2012 | D:3      | Found a shadowy altar of Dithmenos.
  2072 | D:3      | Reached XP level 5. HP: 45/46 MP: 4/4
  2219 | D:3      | Noticed Natasha
  2230 | D:3      | Killed Natasha
  2260 | D:3      | Reached skill level 4 in Axes
  2266 | D:3      | Reached skill level 1 in Ranged Weapons
  2387 | D:3      | Found a runed translucent gate.
  2387 | D:3      | Found a runed translucent gate.
  2387 | D:3      | Noticed rbyellow5's ghost (amateur OpFi)
  2388 | D:3      | Found a runed translucent gate.
  2429 | D:3      | Found a faded altar of an unknown god.
  2537 | D:3      | Reached XP level 6. HP: 52/52 MP: 5/5
  2723 | D:3      | Killed rbyellow5's ghost
  2798 | D:4      | Found Fabbah's Distillery.
  2881 | D:4      | Reached skill level 5 in Armour
  2902 | D:4      | Reached skill level 5 in Axes
  2924 | D:4      | Reached XP level 7. HP: 44/60 MP: 6/6
  2935 | D:4      | Found a sand-covered staircase.
  2949 | D:4      | Reached skill level 1 in Dodging
  2963 | Ossuary  | Entered an ossuary
  2963 | Ossuary  | Found a huge runed translucent gate.
  2963 | Ossuary  | Found a huge runed translucent gate.
  2963 | Ossuary  | Found a huge runed translucent gate.
  2963 | Ossuary  | Found a huge runed translucent gate.
  2963 | Ossuary  | Found a huge runed translucent gate.
  2963 | Ossuary  | Found a huge runed translucent gate.
  2963 | Ossuary  | Found a huge runed translucent gate.
  2963 | Ossuary  | Found a huge runed translucent gate.
  2964 | Ossuary  | Found a huge runed translucent gate.
  2964 | Ossuary  | Found a huge runed translucent gate.
  2964 | Ossuary  | Found a huge runed translucent gate.
  2965 | Ossuary  | Found a huge runed translucent gate.
  2965 | Ossuary  | Found a huge runed translucent gate.
  2967 | Ossuary  | Found a huge runed translucent gate.
  2967 | Ossuary  | Found a huge runed translucent gate.
  2976 | Ossuary  | Found a huge runed translucent gate.
  2976 | Ossuary  | Found a huge runed translucent gate.
  2976 | Ossuary  | Found a huge runed translucent gate.
  2976 | Ossuary  | Found a huge runed translucent gate.
  2978 | Ossuary  | Found a huge runed translucent gate.
  2980 | Ossuary  | Found a huge runed translucent gate.
  2980 | Ossuary  | Found a huge runed translucent gate.
  2982 | Ossuary  | Found a huge runed translucent gate.
  2982 | Ossuary  | Found a huge runed translucent gate.
  2983 | Ossuary  | Found a huge runed translucent gate.
  2983 | Ossuary  | Found a huge runed translucent gate.
  2985 | Ossuary  | Found a huge runed translucent gate.
  2985 | Ossuary  | Found a huge runed translucent gate.
  2991 | Ossuary  | Found a huge runed translucent gate.
  2991 | Ossuary  | Found a huge runed translucent gate.
  3001 | Ossuary  | Reached skill level 6 in Axes
  3015 | Ossuary  | Reached skill level 5 in Fighting
  3153 | Ossuary  | Found a huge runed translucent gate.
  3153 | Ossuary  | Found a huge runed translucent gate.
  3153 | Ossuary  | Found a huge runed translucent gate.
  3153 | Ossuary  | Found a huge runed translucent gate.
  3153 | Ossuary  | Found a huge runed translucent gate.
  3190 | Ossuary  | Reached skill level 7 in Axes
  3462 | D:4      | Reached XP level 8. HP: 60/69 MP: 7/7
  3609 | D:4      | Noticed Menkaure
  3616 | D:4      | Killed Menkaure
  3622 | D:4      | Reached skill level 8 in Axes
  3979 | D:5      | Entered Level 5 of the Dungeon
  4002 | D:5      | Killed from afar by an orc priest

Illustrated notes

Levels and vault maps discovered:
D:1:      shiori_arrival_whats_in_store_for_you, layout_loops_ring
D:2:      minmay_skewed_foursquare, layout_loops_corners
D:3:      layout_rooms, nicolae_dithmenos_through_a_glass_darkly,
          chequers_ecumenical_altar_simple_redux, ebering_ghost_rock_garden,
          minmay_goblin_kobold_house, uniq_natasha
D:4:      layout_cave_pools, nicolae_ossuary_entry_catacombs, serial_shops,
          nicolae_shop_crystal, uniq_menkaure
D:5:      layout_cave_pools, jmf_multi_god_temple, lemuel_round_altar,
          serial_bayou, serial_bayou_lagoon_a, serial_bayou_lagoon_b,
          serial_bayou_pond_e, serial_bayou_pond_a, dreamdust_princess_corridor,
          nicolae_shop_i_like_big_books, kennysheep_generic_room_15

Skill      XL: |  1  2  3  4  5  6  7  8 |
---------------+-------------------------+-----
Armour         | 4 5 6 |  6.3
Shields        | 4 |  4.8
Throwing       | 2 |  2.9
Axes           | 3 4 5 7 8 |  8.3
Fighting       | 4 5 |  5.7
Ranged Weapons | 1 |  1.7
Dodging        | 1 |  1.6
Stealth        | |  0.7

Action                     |  1- 3 |  4- 6 |  7- 9 || total
---------------------------+-------+-------+-------++-------
  Melee: War axe           |    29 |   124 |    97 ||   250
         Headbutt          |     2 |    16 |    17 ||    35
         Whip              |       |     3 |       ||     3
   Fire: Sling             |       |     7 |       ||     7
  Throw: Boomerang         |    68 |     5 |       ||    73
 Armour: Scale mail        |    31 |    25 |       ||    56
         Chain mail        |       |    80 |   114 ||   194
  Dodge: Dodged            |    25 |    49 |    42 ||   116
  Block: Buckler           |     6 |    22 |    27 ||    55

Table legend: (Time is in decaauts)
 A = Elapsed time spent in this place.
 B = Non-inter-level travel time spent in this place.
 C = Inter-level travel time spent in this place.
 D = Time resting spent in this place.
 E = Time spent auto-exploring this place.
 F = Levels seen in this place.
 G = Mean time per level.
                   A        B        C        D        E       F      G
               +--------+--------+--------+--------+--------+-----+--------+
         Total |   4096 |   4023 |     73 |    586 |   2016 |   6 |  682.7 |
       Dungeon |   3790 |   3717 |     73 |    450 |   2016 |   5 |  758.0 |
       Ossuary |    305 |    305 |      0 |    136 |      0 |   1 |  305.0 |
               +--------+--------+--------+--------+--------+-----+--------+

Top non-repeatable levels by time:
     D:3: 1072 daAuts
     D:2: 1053 daAuts
     D:4: 934 daAuts
     D:1: 706 daAuts
 Ossuary: 305 daAuts
     D:5: 24 daAuts
